 Dungeon Crawl Stone Soup version 0.31.0-9-g3a7656b989 (webtiles) character file.

Game seed: 2448602149987253445

132 qw the Skirmisher (level 4, -7/25 HPs)
             Began as a Deep Elf Hunter on Feb 2, 2024.
             Killed from afar by an orc wizard (11 damage)
             ... with a puff of flame
             ... on level 3 of the Dungeon.
             The game lasted 00:00:10 (2546 turns).

qw the Skirmisher (Deep Elf Hunter)                 Turns: 2546, Time: 00:00:10

Health: -7/25      AC:  5    Str: 10    XL:     4   Next: 92%
Magic:  6/6        EV: 11    Int: 14    God:
Gold:   213        SH:  0    Dex: 18    Spells: 3/3 levels left

rFire   . . .        a - +0 shortbow
rCold   . . .        (shield currently unavailable)
rNeg    . . .        e - +0 ring mail
rPois   .            (no helmet)
rElec   .            (no cloak)
rCorr   .            (no gloves)
SInv    .            (no boots)
Will    .....        (no amulet)
Stlth   +            (no ring)
HPRegen 0.24/turn    (no ring)
MPRegen 0.10/turn

%: no passive effects
@: no status effects
A: no striking features
a: no special abilities


You were on level 3 of the Dungeon.
You visited 1 branch of the dungeon, and saw 4 of its levels.

You collected 213 gold pieces.


   Skills:
 - Level 1.5 Fighting
 + Level 8.3 Ranged Weapons
 - Level 2.4 Dodging
 - Level 1.2 Stealth


You had 3 spell levels left.
You didn't know any spells.
Your spell library was empty.

Inventory:

Hand Weapons
 a - a +0 shortbow (weapon)
Armour
 e - a +0 ring mail (worn)
Wands
 i - a wand of paralysis (4)
Scrolls
 f - 5 scrolls of teleportation
Potions
 d - a potion of cancellation {unknown}
 g - a potion of resistance {unknown}
 j - a potion of mutation {unknown}
 k - a potion of ambrosia {unknown}

Dungeon Overview and Level Annotations

Branches:
Dungeon (4/15)
 Temple: D:4-7

Altars:
Gozag
Uskayaw

Shops:
D:3 =

Annotations:
D:3 2 runed translucent doors, Crazy Yiuf; qw's ghost, amateur DEHu


Message History

The orc wizard casts a spell at you.
You are confused.
2533 ||| DRINKING potion of curing.
You feel better.
2533 ||| (to cure confusion)
The orc wizard casts a spell at you.
You are confused.
The orc wizard gestures at you while chanting.
You are more confused.
The orc wizard hits you but does no damage.
The orc wizard points at you and mumbles some strange words.
You resist with some effort.
The orc wizard gestures wildly while chanting.
The orc wizard flickers and vanishes!
Deactivating autopickup; reactivate with Ctrl-A.
You shoot an arrow.
You hear some strange, mumbled words.
A magic dart appears from out of thin air!
The magic dart hits you.
You shoot an arrow. Something completely misses you.
You shoot an arrow.
You hear some strange, mumbled words.
A magic dart appears from out of thin air!
The magic dart hits you!
You shoot an arrow. Something hits you.
You shoot an arrow. Something hits you.
You shoot an arrow. Something hits you but does no damage.
You shoot an arrow. Something hits you but does no damage.
You shoot an arrow.
You feel less confused. Something hits you. x2
You shoot an arrow.
You hear some strange, mumbled words.
A puff of flame appears from out of thin air!
The puff of flame hits you!
You die...

### ##### #.#...# ..#
#######.#.#.# ..#
#############....##.#.#.)
..#######................##.#.#.#
..#..............#.####..##.#.#..
..#.####.##.........#.#..##.#....
..#...........##......#..##.#####
..#....#.##.#.##.[..#.#.........#
..##.#.#.#..#.##@{.##.#..######.#
..'..#...#..#.##)#.##.#..# #%#
.)###.......#%##.........# #.#
..# #.#...[.#.##.#.....#.# #.#
..# #.#.....#.##.#.[#..#.# #.#
..# #.#####.#.##.#..#.##.# #.#
### #.......#.##.#.....#.######.#
#####.###.##.#.##.##.......(#
##.....#.##....).##.#.#+#..#


There were no monsters in sight!

Vanquished Creatures
  A hound (D:3)
  An adder (D:2)
  4 dart slugs
  2 orcs (D:3)
  2 ball pythons
  5 bats
  9 endoplasms
  4 giant cockroaches
  11 goblins
  10 hobgoblins
  2 jackals (D:3)
  13 kobolds
  6 frilled lizards
  4 rats
74 creatures vanquished.

Notes
Turn   | Place    | Note
-------+----------+-------------------------------------------
     0 | D:1      | qw the Deep Elf Hunter began the quest for the Orb.
     0 | D:1      | Reached XP level 1. HP: 12/12 MP: 3/3
     0 | D:1      | 0 ||| qw: Version: 0.3-a-155-g5e7d8dd
     0 | D:1      | 0 ||| qw: Game counter: 909
     0 | D:1      | 0 ||| qw: Melee chars always use a shield: true
     0 | D:1      | 0 ||| qw: God list: Okawaru
     0 | D:1      | 0 ||| qw: Allow faded altars: false
     0 | D:1      | 0 ||| qw: Do Orc after clearing Dungeon:15 true
     0 | D:1      | 0 ||| qw: Do second Lair branch before Depths: true
     0 | D:1      | 0 ||| qw: Lair rune preference: random
     0 | D:1      | 0 ||| qw: Goals: Normal
     0 | D:1      | 0 ||| PLANNING D:1-11
    76 | D:1      | Reached XP level 2. HP: 14/16 MP: 4/4
    94 | D:1      | Reached skill level 6 in Ranged Weapons
   316 | D:1      | 316 ||| UPGRADING to +0 ring mail.
   326 | D:1      | 326 ||| DROPPING +0 leather armour.
   332 | D:1      | Reached XP level 3. HP: 20/20 MP: 5/5
   332 | D:1      | 332 ||| READING scroll labelled XUNTODU DOMUASMEHI.
   932 | D:1      | 932 ||| READING scroll labelled MARUTZ QUIJU.
   932 | D:1      | 932 ||| IDENTIFYING 2 scrolls labelled HERUEF RE SAEPT
   933 | D:1      | 933 ||| DROPPING scroll of butterflies.
   934 | D:1      | 934 ||| DROPPING 2 scrolls of fog.
   993 | D:2      | Reached skill level 7 in Ranged Weapons
  1175 | D:2      | Found a hide-covered altar of Uskayaw.
  1336 | D:2      | Reached XP level 4. HP: 25/25 MP: 6/6
  1370 | D:2      | 1370 ||| READING scroll labelled ZULEME GYOTWA.
  1374 | D:2      | 1374 ||| READING scroll labelled YMNALA LAMMO.
  1375 | D:2      | 1375 ||| READING scroll labelled BEFIAKKOANN.
  1553 | D:3      | Found a runed translucent door.
  1554 | D:3      | Noticed Crazy Yiuf
  1637 | D:3      | Found a runed translucent door.
  1638 | D:3      | Noticed qw's ghost (amateur DEHu)
  1649 | D:3      | Reached skill level 8 in Ranged Weapons
  1692 | D:3      | Found an opulent altar of Gozag.
  1820 | D:3      | Found Yheila Zope's Jewellery Shop.
  1830 | D:3      | 1830 ||| SHOPLISTING amulet of Huank {Spirit Regen+} (407
                  | gold, have 138).
  1830 | D:3      | 1830 ||| SHOPLISTING amulet of guardian spirit (330 gold,
                  | have 138).
  1830 | D:3      | 1830 ||| SHOPLISTING ring of positive energy (220 gold,
                  | have 138).
  1830 | D:3      | 1830 ||| SHOPLISTING ring of resist corrosion (220 gold,
                  | have 138).
  1830 | D:3      | 1830 ||| SHOPLISTING ring of willpower (275 gold, have
                  | 138).
  2413 | D:3      | 2413 ||| READING scroll of identify.
  2413 | D:3      | 2413 ||| IDENTIFYING puce potion
  2414 | D:3      | 2414 ||| READING scroll labelled FOGANGAMEM.
  2415 | D:3      | 2415 ||| DRINKING 2 golden potions.
  2416 | D:3      | 2416 ||| DROPPING potion of berserk rage.
  2464 | D:4      | 2464 ||| STAIRDANCE
  2469 | D:4      | 2469 ||| STAIRDANCE
  2474 | D:4      | 2474 ||| STAIRDANCE
  2527 | D:4      | 2527 ||| STAIRDANCE
  2533 | D:3      | 2533 ||| DRINKING potion of curing.
  2533 | D:3      | 2533 ||| (to cure confusion)
  2545 | D:3      | HP: 4/25 [something (3)]
  2546 | D:3      | Killed from afar by an orc wizard

Levels and vault maps discovered:
D:1:      amcnicky_arrival_gap_in_the_tavern_cellar, layout_basic,
          minmay_misc_feat_tower
D:2:      layout_rooms, basic_altar
D:3:      cheibrodos_greedy_goblins, layout_basic, grunt_gozag_breadcrumbs,
          serial_shops, nicolae_shop_tiny_glass, ebering_ghost_sewer_d,
          uniq_crazy_yiuf_cottage
D:4:      layout_loops_ring, nemelex_dance_club_becter, kennysheep_mini_moat,
          minmay_temple_entry_gardened_gates

Skill      XL: |  1  2  3  4 |
---------------+-------------+-----
Ranged Weapons | 6 7 8 |  8.3
Fighting       | |  1.5
Dodging        | |  2.4
Stealth        | |  1.2

Action                     |  1- 3 |  4- 6 || total
---------------------------+-------+-------++-------
   Fire: Shortbow          |   144 |    87 ||   231
    Use: Scroll            |     2 |     5 ||     7
         Potion            |       |     2 ||     2
 Armour: Leather armour    |     5 |       ||     5
         Ring mail         |    33 |    35 ||    68
  Dodge: Dodged            |    37 |    31 ||    68

Table legend:
 A = Non-vault XP
 B = Vault XP
 C = Vault XP percentage of total XP
 D = Non-vault monster count
 E = Vault monster count
 F = Vault count percentage of total count
                 A         B        C        D         E       F
            +---------+---------+-------+---------+---------+-------
      Total |     174 |      15 |   7.9 |      66 |       8 |  10.8
            +---------+---------+-------+---------+---------+-------
        D:1 |      60 |       0 |   0.0 |      33 |       0 |   0.0
        D:2 |      43 |       0 |   0.0 |      17 |       0 |   0.0
        D:3 |      71 |      15 |  17.4 |      16 |       8 |  33.3
            +---------+---------+-------+---------+---------+-------
